 Dungeon Sprint DCSS version 0.27-a0-463-gec7707c53d (webtiles) character file.

Game seed: 5869759776086161301

116 rocky1 the Chiller (level 5, -2/61 HPs)
             Began as a Merfolk Ice Elementalist on Mar 1, 2021.
             Was a Priest of Sif Muna.
             Slain by a gnoll
             ... wielding a +1 vorpal spear
              (8 damage)
             ... in the Dungeon (Sprint VII: "The Pits").
             The game lasted 00:03:01 (435 turns).

rocky1 the Chiller (Merfolk Ice Elementalist)        Turns: 435, Time: 00:03:03

Health: -2/61      AC:  2    Str:  8    XL:     5   Next: 1%
Magic:  2/10       EV: 14    Int: 16    God:    Sif Muna [***...]
Gold:   0          SH:  0    Dex: 14    Spells: 10/11 levels left

rFire    . . .     SeeInvis .   l - +1 trident (vorpal)
rCold    . . .     Faith    .   (no shield)
rNeg     . . .     Spirit   .   a - +0 robe
rPois    .         Reflect  .   (no helmet)
rElec    .         Harm     .   (no cloak)
rCorr    .         Rampage  .   (no gloves)
Will     .....     NoTele   +   (no boots)
Stlth    ..........             (no amulet)
HPRegen  0.20/turn              (no ring)
MPRegen  0.12/turn              (no ring)

@: berserking (expiring), very quick
A: change form in water, swift swim, stealthy swim
a: Renounce Religion, Channel Magic, Forget Spell


You were in the Dungeon.
You worshipped Sif Muna.
Sif Muna was most pleased with you.
You visited 1 branch

Inventory:

Hand Weapons
 l - a +1 vorpal trident (weapon)
Armour
 a - a +0 robe (worn)
 k - a +3 ring mail
Scrolls
 h - a scroll of blinking
 i - 5 scrolls of amnesia
 j - a scroll of summoning
Potions
 b - 2 potions of invisibility
 c - 5 potions of curing
 d - 5 potions of heal wounds
 e - a potion of haste
 f - 4 potions of magic
 g - 2 potions of berserk rage


   Skills:
 + Level 3.0 Fighting
 + Level 4.3 Polearms
 + Level 2.1 Armour
 + Level 5.1 Dodging
 + Level 4.6 Stealth
 + Level 3.6 Spellcasting
 + Level 5.8 Ice Magic
 + Level 3.1 Invocations


You had 10 spell levels left.
You knew the following spells:

 Your Spells              Type           Power        Failure   Level
a - Freeze                Ice            84%          1%          1

Your spell library contained the following spells:

 Spells                   Type           Power        Failure   Level
 Frozen Ramparts          Ice            42%          4%          3
 Ozocubu's Armour         Ice            21%          4%          3
 Hailstorm                Conj/Ice       12%          47%         4
 Summon Ice Beast         Ice/Summ       12%          47%         4


Dungeon Overview and Level Annotations

Branches:
Dungeon (1/1)

Altars:
Ashenzari
Cheibriados
Dithmenos
Elyvilon
Fedhas
Gozag
Hepliaklqana
Kikubaaqudgha
Makhleb
Nemelex Xobeh
Okawaru
Qazlal
Ru
Sif Muna
Trog
Uskayaw
Vehumet
Wu Jian
Xom
Yredelemnul
Zin
The Shining One
Beogh
Jiyva
Lugonu


Message History

You reach to attack!
You barely miss the gnoll.
The gnoll is almost dead.
The gnoll barely misses you.
Reach: l) +1 trident (vorpal)
Press: ? - help, Dir - move target, f/p - gnoll
Aim: a gnoll, wielding a +0 spear (almost dead, fast, about 35% to evade your +1 vorpal trident)
You reach to attack!
You completely miss the gnoll.
The gnoll is almost dead.
The gnoll hits you from afar with a +0 spear!
* * * LOW HITPOINT WARNING * * *
Reach: l) +1 trident (vorpal)
Press: ? - help, Dir - move target, f/p - gnoll
Aim: a gnoll, wielding a +0 spear (almost dead, fast, about 35% to evade your +1 vorpal trident)
You reach to attack!
You puncture the gnoll!
You kill the gnoll!
Sif Muna accepts your kill.
Your Dodging skill increases to level 5!
Your Invocations skill increases to level 3!
Reach: l) +1 trident (vorpal)
Press: ? - help, Dir - move target, f - gnoll
Aim: a gnoll, wielding a +0 spear (fast, about 35% to evade your +1 vorpal trident)
You reach to attack!
You impale the gnoll!!
You kill the gnoll!
Sif Muna accepts your kill.
You hear a bark!
You hear a shout!
Your Fighting skill increases to level 3!
You have reached level 5!
You feel clever.
Reach: l) +1 trident (vorpal)
Press: ? - help, Dir - move target, f - gnoll
Aim: a gnoll, wielding a +1 vorpal spear (about 35% to evade your +1 vorpal trident)
You reach to attack!
You puncture the gnoll!
The gnoll is almost dead.
Reach: l) +1 trident (vorpal)
Press: ? - help, Dir - move target, f/p - gnoll
Aim: a gnoll, wielding a +1 vorpal spear (almost dead, about 35% to evade your +1 vorpal trident)
You reach to attack!
You closely miss the gnoll.
The gnoll is almost dead.
The gnoll hits you from afar with a +1 vorpal spear!
You die...

#.........).'.....
#'#####'#####.....
#.#...#.#.[##.....
#.#...#.#))#####'#
#.#...÷.#))##.....
#.##'####))##.....
#.#.÷.†.#..##.....
#.#.....#'###...<.
#@#........##.....
#)#........##.....
#g###########.....
#5h.....# ######
#Z.....o#
#...#.5.# #..##
..# #... Z# #... #


You could see a hound, a quasit, a gnoll and a bat skeleton.

Vanquished Creatures
  A gnoll shaman (D)
  2 worker ants (D)
  2 gnolls (D)
  2 oozes (D)
  An orc (D)
  A giant cockroach (D)
  A goblin (D)
  A hobgoblin (D)
  A quokka (D)
  A giant cockroach zombie (D)
13 creatures vanquished.

Notes
Turn   | Place    | Note
-------+----------+-------------------------------------------
     0 | D        | rocky1 the Merfolk Ice Elementalist began the quest for the
                  | Orb.
     0 | D        | Reached XP level 1. HP: 13/13 MP: 3/3
    18 | D        | Found a bloodstained altar of Trog.
    18 | D        | Found a shimmering blue altar of Sif Muna.
    18 | D        | Found a viscous altar of Jiyva.
    18 | D        | Found a hazy altar of Hepliaklqana.
    18 | D        | Found an opulent altar of Gozag.
    19 | D        | Found a glowing golden altar of the Shining One.
    19 | D        | Found a glowing silver altar of Zin.
    19 | D        | Found a basalt altar of Yredelemnul.
    19 | D        | Found a shimmering altar of Xom.
    19 | D        | Found an ornate altar of the Wu Jian Council.
    19 | D        | Found a sacrificial altar of Ru.
    19 | D        | Found a stormy altar of Qazlal.
    19 | D        | Found an iron altar of Okawaru.
    19 | D        | Found a sparkling altar of Nemelex Xobeh.
    19 | D        | Found a burning altar of Makhleb.
    19 | D        | Found a blossoming altar of Fedhas.
    19 | D        | Found a white marble altar of Elyvilon.
    19 | D        | Found a shadowy altar of Dithmenos.
    19 | D        | Found a snail-covered altar of Cheibriados.
    21 | D        | Found a radiant altar of Vehumet.
    21 | D        | Found a corrupted altar of Lugonu.
    21 | D        | Found a roughly hewn altar of Beogh.
    22 | D        | Found a hide-covered altar of Uskayaw.
    22 | D        | Found an ancient bone altar of Kikubaaqudgha.
    22 | D        | Found a broken altar of Ashenzari.
    24 | D        | Became a worshipper of Sif Muna the Loreminder
    67 | D        | Reached skill level 1 in Polearms
    81 | D        | Reached * piety under Sif Muna
    82 | D        | Reached XP level 2. HP: 15/20 MP: 3/5
   157 | D        | Reached ** piety under Sif Muna
   158 | D        | Reached skill level 1 in Fighting
   158 | D        | Reached skill level 1 in Armour
   158 | D        | Reached skill level 5 in Ice Magic
   158 | D        | Reached skill level 1 in Invocations
   158 | D        | Reached XP level 3. HP: 10/27 MP: 2/7
   421 | D        | Reached XP level 4. HP: 22/34 MP: 2/8
   428 | D        | Reached *** piety under Sif Muna
   433 | D        | Reached skill level 5 in Dodging
   434 | D        | Reached XP level 5. HP: 6/41 MP: 1/10
   435 | D        | Slain by a gnoll

Illustrated notes

Levels and vault maps discovered:
D:        pitsprint [storerooms_1, entrance_room_1, metal_vault_5, armoury_1,
          mini_pit_1, grid_room_1, main_hall_1, silver_pit, the_coven_3,
          the_vestibule_1, steel_vault_3, golden_pit, hallway_of_sentries,
          crystal_vault_5, iron_vault_5, final_vault]

Skill      XL: |  1  2  3  4 |
---------------+-------------+-----
Dodging        | 3 4 5 |  5.1
Polearms       | 1 2 3 4 |  4.3
Stealth        | 3 4 |  4.6
Fighting       | 1 2 3 |  3.0
Armour         | 1 2 |  2.1
Ice Magic      | 5 |  5.8
Invocations    | 1 2 3 |  3.1
Spellcasting   | 3 |  3.6

Action                   |  1- 3 |  4- 6 || total
-------------------------+-------+-------++-------
Melee: Trident           |    12 |    11 ||    23
 Cast: Freeze            |    14 |     2 ||    16
  Use: Potion            |     1 |     2 ||     3
 Stab: Sleeping          |     1 |       ||     1
Armor: Robe              |     1 |       ||     1
Dodge: Dodged            |     9 |     6 ||    15

Table legend: (Time is in decaauts)
 A = Elapsed time spent in this place.
 B = Non-inter-level travel time spent in this place.
 C = Inter-level travel time spent in this place.
 D = Time resting spent in this place.
 E = Time spent auto-exploring this place.
 F = Levels seen in this place.
 G = Mean time per level.
                   A        B        C        D        E       F      G
               +--------+--------+--------+--------+--------+-----+--------+
         Total |    435 |    435 |      0 |    255 |      0 |   1 |  435.0 |
       Dungeon |    435 |    435 |      0 |    255 |      0 |   1 |  435.0 |
               +--------+--------+--------+--------+--------+-----+--------+

Top non-repeatable levels by time:
       D: 435 daAuts
